Map: Triton LE

Players

souL - Winner!

  • Race: Terran Terran
  • Spawn Location: 5:00

Namshar

  • Race: Zerg Zerg
  • Spawn Location: 11:00

VOD

Have the link to the VOD?

Description

Time

  • Played on: Sept. 6, 2019, 7:52 p.m.
  • Length: 16:18
Show
View Real Time Build Order
Export as new Build Order

souL Terran - Winner!

Build Orders: Gas First Reaper Expand, Liberator Opening 

Get SALT Encoding   

  12  0:00  SCV  
  13  0:12  SCV  
  14  0:16  Supply Depot  
  14  0:25  SCV  
  14  0:27  Refinery  
  15  0:38  SCV  
  16  0:44  Barracks  
  16  0:50  SCV  
  17  1:02  SCV  
  18  1:15  SCV  
  19  1:31  Reaper  
  19  1:32  Orbital Command  
  20  1:42  Command Center  
  20  1:54  Factory  
  20  1:57  SCV  
  21  2:06  Barracks Reactor  
  21  2:07  Supply Depot  
  21  2:12  SCV  
  22  2:17  Refinery  
  22  2:24  SCV  
  23  2:36  SCV  
  24  2:41  Starport  
  24  2:46  Hellion x2  
  24  2:48  SCV  
  29  2:54  Orbital Command  
  29  2:56  Barracks Tech Lab  
  29  3:00  Liberator, SCV  
  30  3:08  Hellion  
  30  3:11  Hellion  
  37  3:20  SCV  
  37  3:24  SCV  
  39  3:32  SCV  
  40  3:35  Supply Depot  
  35  3:42  SCV, Hellion  
  35  3:43  Hellion  
  35  3:45  Marine, Stimpack  
  41  3:49  Liberator, SCV  
  41  3:54  SCV  
  43  4:00  Supply Depot  
  43  4:01  SCV  
  44  4:04  Hellion x2  
  44  4:09  SCV  
  52  4:13  SCV  
  53  4:21  SCV  
  53  4:22  Supply Depot  
  54  4:25  SCV, Hellion  
  54  4:28  Hellion  
  54  4:29  Marine  
  60  4:33  SCV  
  61  4:41  Command Center, SCV  
  62  4:46  SCV  
  62  4:48  Supply Depot  
  62  4:51  Starport Reactor  
  63  4:56  Factory Tech Lab  
  63  4:59  SCV x2  
  65  5:01  Marine  
  66  5:07  Barracks  
  66  5:11  Barracks, SCV  
  66  5:14  SCV  
  66  5:16  Engineering Bay  
  66  5:17  Siege Tank, Engineering Bay  
  66  5:19  Marine  
  70  5:25  Combat Shield  
  68  5:29  SCV  
  68  5:31  SCV  
  67  5:38  Starport Reactor  
  67  5:41  SCV  
  68  5:44  Marine, Terran Infantry Armor Level 1, Refinery x2, Terran Infantry Weapons Level 1  
  68  5:47  SCV  
  70  5:53  SCV  
  71  6:02  Marine  
  63  6:06  Marine x2, Siege Tank  
  63  6:07  Orbital Command  
  63  6:09  SCV  
  63  6:16  Barracks  
  63  6:17  Marine x2  
  63  6:18  Barracks  
  65  6:20  Marine, SCV, Medivac  
  65  6:23  SCV  
  65  6:24  Marine x2  
  72  6:28  Medivac  
  74  6:34  Marine  
  74  6:35  Marine, Orbital Command  
  74  6:36  SCV x2  
  74  6:38  Marine  
  79  6:41  Supply Depot  
  79  6:42  Marine x2  
  79  6:43  Supply Depot  
  81  6:48  SCV  
  81  6:49  SCV  
  81  6:52  Marine x2  
  81  6:53  Bunker  
  85  6:54  Supply Depot  
  85  6:56  Marine  
  85  6:58  Siege Tank  
  85  7:00  Marine x2, SCV  
  85  7:01  SCV  
  95  7:08  SCV  
  95  7:09  Barracks Reactor x2  
  95  7:10  Marine x2  
  95  7:12  Armory  
  95  7:13  SCV x2  
  95  7:14  Marine  
  98  7:17  Marine  
  98  7:18  Marine  
  98  7:20  SCV  
  101  7:25  SCV x2  
  101  7:26  Medivac  
  101  7:28  Marine x2  
  107  7:31  Marine  
  107  7:33  Supply Depot  
  107  7:34  Command Center  
  107  7:35  Marine  
  107  7:36  Marine  
  110  7:37  SCV x2  
  111  7:46  Marine x6  
  111  7:49  Marine  
  111  7:51  Command Center  
  117  7:54  Marine x2, SCV  
  120  7:59  SCV  
  120  8:04  Marine x4  
  125  8:12  Marine  
  125  8:14  Marine x4  
  125  8:18  SCV x3  
  102  8:21  Marine x2  
  102  8:22  Marine x2  
  106  8:29  Terran Infantry Armor Level 2, Terran Infantry Weapons Level 2  
  106  8:30  Marine, SCV x3  
  106  8:32  Marine x3  
  113  8:34  Medivac  
  113  8:35  Marine  
  115  8:42  SCV  
  115  8:43  SCV x2  
  115  8:45  Marine  
  115  8:48  Marine x4  
  122  8:50  Marine x2  
  122  8:51  Marine  
  122  8:54  SCV  
  122  8:55  SCV  
  125  9:02  Marine x2, Siege Tank, SCV  
  130  9:06  SCV, Supply Depot  
  130  9:07  Marine  
  130  9:08  SCV  
  124  9:17  Marine  
  124  9:18  Marine  
  124  9:19  SCV  
  127  9:24  Marine  
  127  9:25  SCV  
  121  9:34  Siege Tank  
  122  9:40  Marine  
  122  9:43  Marine  
  122  9:45  Marine  
  117  9:52  Marine  
  117  9:53  Marine x3, SCV  
  117  9:55  Planetary Fortress  
  117  9:56  SCV x2  
  121  10:05  SCV  
  121  10:06  Siege Tank  
  121  10:08  SCV x2  
  121  10:09  Sensor Tower  
  121  10:10  Factory, Refinery  
  121  10:11  Refinery  
  121  10:12  Marine x3  
  126  10:17  SCV  
  126  10:20  Marine x5, SCV x2, Sensor Tower  
  134  10:30  SCV, Supply Depot x2  
  134  10:31  Supply Depot  
  134  10:32  SCV x2  
  134  10:35  Marine  
  133  10:39  Siege Tank  
  133  10:41  Marine  
  133  10:42  Marine x7  
  137  10:54  Command Center, Medivac x2  
  141  10:59  Terran Infantry Armor Level 3  
  141  11:02  Factory Tech Lab, Terran Infantry Weapons Level 3  
  141  11:07  Marine x2, Marauder, Refinery x2  
  141  11:11  Siege Tank  
  148  11:15  Barracks x2  
  148  11:16  Barracks  
  148  11:20  Siege Tank, Terran Vehicle And Ship Armor Level 1  
  151  11:25  Supply Depot  
  151  11:27  Supply Depot  
  151  11:33  Marine, Marauder  
  151  11:35  Supply Depot  
  151  11:39  Marine  
  155  11:40  Marine x3  
  155  11:43  Siege Tank  
  155  11:44  Medivac  
  163  11:47  Medivac  
  163  11:52  Siege Tank  
  168  11:55  Marauder  
  170  12:01  Marine  
  170  12:05  Marine  
  170  12:08  Marine  
  163  12:10  Marine  
  163  12:11  Marine x7  
  163  12:14  Medivac  
  163  12:15  Siege Tank  
  167  12:16  Marauder  
  167  12:19  Marine  
  164  12:23  Marine  
  164  12:25  Siege Tank  
  164  12:26  Marine  
  164  12:28  Marine  
  164  12:29  Marine x4  
  172  12:30  SCV  
  172  12:35  SCV  
  163  12:37  Marine x2  
  163  12:39  SCV x2  
  163  12:40  Marine  
  163  12:42  SCV  
  163  12:43  Marine  
  170  12:45  Barracks Tech Lab x2  
  170  12:46  Marine, Barracks Tech Lab  
  170  12:47  Marine x3, SCV  
  170  12:48  Siege Tank  
  170  12:50  Sensor Tower  
  170  12:51  SCV x2  
  176  12:52  Marine, Medivac x2  
  176  12:54  SCV  
  182  13:00  Planetary Fortress  
  182  13:04  Siege Tank  
  185  13:17  Starport, Terran Vehicle And Ship Armor Level 2  
  185  13:18  Fusion Core  
  185  13:19  Ghost Academy, Starport  
  185  13:25  Refinery  
  185  13:26  Siege Tank  
  185  13:27  Command Center  
  188  13:34  Liberator x2  
  188  13:35  Marine  
  188  13:36  Marauder  
  186  14:10  Marine  
  186  14:11  Marine x8  
  186  14:13  Marine  
  186  14:17  Siege Tank  
  186  14:20  Siege Tank  
  186  14:21  Marine  
  192  14:27  Neosteel Armor, Starport Reactor, Starport Tech Lab  
  192  14:28  Personal Cloaking  
  192  14:31  Liberator  
  188  14:34  Viking x2  
  192  14:43  Command Center  
  192  14:47  Advanced Ballistics  
  184  14:55  Siege Tank  
  183  15:01  Siege Tank, Ghost x4  
  183  15:04  Viking  
  196  15:07  Liberator  
  196  15:28  Command Center  
  196  15:29  Ghost  
  196  15:30  Command Center, Ghost  
  196  15:33  Refinery  
  197  15:37  Ghost  
  199  16:00  Marine  
Show
View Real Time Build Order
Export as new Build Order

Namshar Zerg 

Build Orders: Hatch First 

Get SALT Encoding   

  12  0:00  Drone  
  13  0:12  Overlord  
  13  0:17  Drone  
  14  0:30  Drone x2  
  16  0:48  Hatchery  
  15  0:51  Drone  
  15  0:55  Drone  
  17  0:58  Drone  
  18  1:09  Extractor  
  17  1:13  Spawning Pool  
  17  1:17  Drone  
  17  1:19  Drone  
  18  1:28  Drone  
  19  1:39  Drone  
  20  1:49  Overlord  
  20  1:59  Queen  
  20  2:00  Queen  
  20  2:01  Zergling x4  
  26  2:11  Drone x2  
  28  2:21  Drone x2  
  30  2:28  Hatchery  
  29  2:32  Drone  
  29  2:35  Pneumatized Carapace  
  30  2:41  Overlord  
  30  2:46  Drone x2  
  32  2:51  Queen  
  32  2:54  Drone  
  35  2:58  Overlord  
  35  3:06  Drone x3  
  38  3:14  Drone x2  
  38  3:18  Queen  
  42  3:22  Overlord  
  42  3:24  Drone  
  43  3:28  Queen  
  43  3:41  Drone  
  43  3:42  Drone x5  
  43  3:44  Drone  
  50  3:49  Zergling x2  
  50  3:50  Metabolic Boost  
  51  3:56  Drone x3  
  54  4:02  Overlord  
  54  4:05  Drone x3  
  57  4:15  Zergling x4  
  59  4:17  Drone x3  
  62  4:25  Overlord  
  62  4:26  Drone  
  62  4:27  Drone x4  
  67  4:32  Queen  
  67  4:35  Overlord  
  70  4:38  Drone x2  
  70  4:42  Lair, Extractor x2  
  70  4:43  Drone x3  
  72  4:46  Baneling Nest  
  72  4:49  Drone  
  72  4:50  Drone  
  73  4:54  Overlord  
  73  4:55  Drone x3  
  76  5:01  Drone x4  
  80  5:08  Overlord x2  
  80  5:09  Drone  
  81  5:17  Extractor x2  
  81  5:19  Zergling x4  
  80  5:24  Zergling x8  
  77  5:28  Zergling x2  
  70  5:37  Drone x3  
  73  5:45  Drone, Evolution Chamber  
  73  5:46  Drone x6, Evolution Chamber  
  73  5:48  Drone  
  74  6:00  Drone  
  74  6:01  Drone x3  
  70  6:07  Drone x4  
  74  6:13  Centrifical Hooks, Drone x2  
  76  6:19  Drone x4  
  76  6:20  Hatchery  
  76  6:23  Drone x4  
  83  6:31  Zerg Ground Armor Level 1, Zerg Melee Weapons Level 1  
  83  6:34  Drone  
  83  6:35  Drone x2  
  86  6:43  Overlord  
  86  6:44  Zergling x8  
  86  6:46  Hydralisk Den  
  89  6:50  Zergling x8  
  89  6:53  Zergling x2  
  89  6:54  Zergling x8  
  98  6:56  Baneling x6  
  97  7:03  Baneling  
  97  7:04  Zergling x4, Baneling  
  99  7:12  Overlord  
  99  7:13  Overlord  
  99  7:16  Drone  
  99  7:17  Drone  
  99  7:19  Zergling x6  
  99  7:20  Overlord x2  
  99  7:21  Grooved Spines  
  104  7:27  Zergling x6  
  107  7:37  Drone x2  
  107  7:40  Drone  
  109  7:46  Drone x8  
  114  7:52  Baneling x9  
  114  7:56  Drone, Extractor  
  114  7:57  Infestation Pit  
  114  7:58  Zergling x18, Baneling x8  
  113  8:03  Zergling x2  
  124  8:08  Zergling x6, Hatchery  
  125  8:14  Zergling x2  
  125  8:17  Zergling x4  
  106  8:24  Zergling x6  
  106  8:25  Zergling x10  
  106  8:27  Zergling x2  
  106  8:28  Zergling x8  
  106  8:33  Baneling x5  
  106  8:34  Zergling x2  
  112  8:35  Baneling x4  
  112  8:38  Zergling x4  
  112  8:40  Queen x3  
  116  8:42  Zergling x2  
  114  8:54  Zergling x16  
  120  9:07  Zergling x12  
  120  9:09  Hatchery  
  110  9:20  Drone  
  110  9:21  Zergling x2, Drone  
  110  9:22  Zergling x6  
  106  9:25  Queen  
  104  9:33  Hydralisk x7  
  116  9:42  Queen x2  
  113  9:58  Hydralisk x3, Drone x4  
  120  10:06  Zerg Melee Weapons Level 2, Zerg Ground Armor Level 2  
  120  10:15  Drone x6  
  120  10:17  Extractor  
  120  10:18  Extractor, Baneling  
  123  10:27  Drone x4  
  127  10:29  Drone  
  126  10:44  Hatchery  
  126  10:45  Drone x3  
  128  10:54  Hatchery  
  128  10:55  Hydralisk  
  129  10:57  Drone x4  
  129  10:59  Extractor, Drone x3  
  129  11:02  Drone x2  
  129  11:03  Queen  
  139  11:04  Overlord, Drone  
  139  11:05  Overlord  
  140  11:15  Drone x2  
  140  11:17  Baneling x2  
  142  11:19  Muscular Augments  
  142  11:23  Zergling x12  
  148  11:27  Hatchery  
  148  11:32  Overlord x3  
  147  11:34  Overlord  
  147  11:36  Hive  
  147  11:46  Zergling x14  
  154  11:48  Baneling x8  
  154  11:50  Zergling x2  
  154  11:53  Zergling x12  
  159  11:57  Hydralisk  
  159  11:58  Zergling x2  
  152  12:08  Hydralisk  
  140  12:09  Zergling x10  
  140  12:12  Baneling x9  
  138  12:16  Zergling x6  
  134  12:24  Zergling x10  
  134  12:28  Drone x3  
  135  12:36  Baneling x3  
  133  12:42  Hatchery  
  132  12:50  Drone x3  
  132  12:51  Hydralisk x4  
  135  12:55  Zergling x10  
  148  13:04  Spire, Extractor  
  145  13:17  Hatchery  
  145  13:18  Zerg Ground Armor Level 3  
  145  13:19  Zerg Melee Weapons Level 3  
  144  13:31  Drone x3  
  147  13:35  Drone x2  
  147  13:39  Viper  
  151  13:41  Viper  
  141  13:49  Hydralisk  
  141  13:50  Zergling x40  
  161  13:55  Hydralisk  
  161  13:56  Zergling x2  
  163  14:07  Hydralisk  
  163  14:08  Zergling x18  
  162  14:16  Hydralisk  
  162  14:17  Zergling x8  
  156  14:22  Hydralisk  
  156  14:23  Zergling x4  
  142  14:28  Baneling x7  
  142  14:36  Baneling x3  
  142  14:37  Baneling  
  142  14:39  Zergling x8  
  145  14:50  Zergling x16  
  141  15:00  Hydralisk x2, Zergling x2  
  141  15:01  Zergling x8  
  147  15:12  Hatchery  
  144  15:20  Hydralisk  
  144  15:21  Zergling x18  
  149  15:23  Drone  
  149  15:27  Hydralisk  
  149  15:28  Zergling x6  
  149  15:41  Queen  
  151  15:44  Drone x2  
  151  15:46  Baneling x7  
  151  15:47  Zergling x2  
  154  15:56  Hatchery  
Tags
 
Add a new tag
Caveats
  • Supply blocks, unpowered buildings, or Contaminate may cause inaccurate times.
  • Supply counts are checked every 10 seconds.